[Event "*** Titled Tuesday Blitz"]
[Site "Chess.com"]
[Date "2018.09.04"]
[Round "1"]
[White "Der_Honigdachs"]
[Black "GadimbayliA"]
[Result "0-1"]
[WhiteElo "2326"]
[BlackElo "2666"]
[TimeControl "180+2"]
[EndTime "13:43:51 PDT"]
[Termination "GadimbayliA won by checkmate"]

1. d4 Nf6 2. c4 e6 3. Nc3 Bb4 4. Nf3 b6 5. e3 Bb7 6. Bd3 O-O 7. O-O d5 8. cxd5 exd5 9. Ne5 Nbd7 10. f4 c5 11. Qf3 Bxc3 12. bxc3 Ne4 13. c4 Ndf6 14. Bb2 Rb8 15. Qh3 dxc4 16. Bxc4 Nd2 17. Rfd1 Nxc4 18. dxc5 Nxb2 19. Rxd8 Rbxd8 20. c6 Bc8 21. Qf3 Nd3 22.
c7 Rd6 23. e4 Nc5 24. Re1 Bb7 25. Qa3 Ne8 26. Qxa7 Nxc7 27. Qa3 Rd4 28. Qb2 Rxe4 29.
Rxe4 Bxe4 30. Qxb6 N7e6 31. Nc4 g6 32. Nd6 Bd5 33.
f5 gxf5 34. Nxf5 Be4 35. Ne7+ Kg7 36. Qd6 f6 37. h3 Kf7 38. Nc6 Rc8 39. Nb4 Rd8 40.
Qb6 Rd1+ 41. Kf2 Rd2+ 42. Ke3 Rxg2 43. Qa7+ Kg6 44. Qb8 Ng7 45. Qc8 Nf5+ 46. Kf4 Rf2+ 47. Kg4 h5# 0-1

[Event "*** Titled Tuesday Blitz"]
[Site "Chess.com"]
[Date "2018.09.04"]
[Round "1"]
[White "tteshan"]
[Black "Faqade"]
[Result "0-1"]
[WhiteElo "2020"]
[BlackElo "2480"]
[TimeControl "180+2"]
[EndTime "13:43:54 PDT"]
[Termination "Faqade won by resignation"]

1. d4 Nf6 2. c4 g6 3. Nc3 Bg7 4. e4 O-O 5. Be2 d6 6. Bg5 c5 7. d5 h6 8. Be3 e6 9. Qd2 exd5 10. exd5 Kh7 11. h4 h5 12. Nf3 a6 13. Ng5+ Kg8 14.
O-O Re8 15. Bf4 Ng4 16. Rae1 Ne5 17. Bg3 Bf5 18. a3 Nbd7 19. b3 Qa5 20. Nb1 Qb6 21.
b4 cxb4 22. axb4 a5 23. bxa5 Qxa5 24. Qxa5 Rxa5 25. Nf3 Rc8 26. Nd4 Nxc4 27. Nxf5 gxf5 28. Rc1 Ndb6 29. Bxh5 Be5 30. Bxe5 dxe5 31. Rfd1 Rxd5 32. Rxd5 Nxd5 33. Na3 Ncb6 34. Rb1 Rc6 35. Bf3 e4 36. Bd1 Nc3 37. Ra1 Nbd5 38. Bb3 Ra6 39. Kh2 Nf6 40. Bc4 b5 41. Bb3 Ng4+ 42. Kg1 Ne2+ 43. Kf1 Nd4 44. Bd5 e3 45. f3 e2+ 46. Ke1 Ne3 47.
Kd2 Nxd5 48. Nc2 Nxc2 0-1

[Event "*** Titled Tuesday Blitz"]
[Site "Chess.com"]
[Date "2018.09.04"]
[Round "1"]
[White "Margency"]
[Black "FMchesstrainer"]
[Result "1-0"]
[WhiteElo "2695"]
[BlackElo "2343"]
[TimeControl "180+2"]
[EndTime "13:43:56 PDT"]
[Termination "Margency won on time"]

1. e4 c5 2. Nf3 Nc6 3. Bb5 Qc7 4. O-O a6 5. Bxc6 Qxc6 6. d4 cxd4 7. Nxd4 Qc7 8. Nc3 e6 9. Re1 d6 10. a4 Be7 11. Qf3 Nf6 12. Qg3 O-O 13. Bh6 Ne8 14.
Rad1 Kh8 15. Be3 Nf6 16. Nb3 b6 17. Bd4 Bb7 18. e5 dxe5 19. Bxe5 Qc8 20. Rd4 Kg8 21.
Red1 g6 22. R1d3 Nd5 23. Nxd5 Bxd5 24. c4 Bc6 25. Nd2 Qb7 26. b3 Rad8 27. h4 Rxd4 28. Rxd4 Rd8 29. h5 Qc8 30. hxg6 hxg6 31. Nf1 Rxd4 32.
Bxd4 Qd8 33. Qe5 f6 34. Qxe6+ Kf8 35. Bxf6 Bxf6 36. Qxc6 Qd4 37. g3 a5 38. Ne3 Kg7 39. Nd5 Qd1+ 40. Kg2 Bd4 41. Qc7+ Kh6 42. Qf4+ Kg7 43.
Ne3 Bc5 44. Nxd1 1-0

[Event "*** Titled Tuesday Blitz"]
[Site "Chess.com"]
[Date "2018.09.04"]
[Round "1"]
[White "Caterpiller35"]
[Black "Justmig"]
[Result "0-1"]
[WhiteElo "2286"]
[BlackElo "2623"]
[TimeControl "180+2"]
[EndTime "13:44:00 PDT"]
[Termination "Justmig won by resignation"]

1. d4 d5 2. Bf4 c5 3. e3 Nc6 4.
c3 Nf6 5. Nd2 e6 6. Bd3 Bd6 7. Bg3 Bxg3 8. hxg3 e5 9. dxc5 a5 10.
Bb5 O-O 11. Ngf3 Qe7 12. Qa4 Bd7 13. e4 Qxc5 14. exd5 Qxd5 15. O-O-O Nb4 16. Bxd7 Nd3+ 17. Kb1 Nxf2 18. Bf5 Nxh1 19. Rxh1 g6 20. Ne4 Nxe4 21. Bxe4 Qd6 22. Ng5 h5 23. Qb3 Kg7 24. g4 Qf6 25.
Nf3 hxg4 26. Nd2 Rh8 27. Rf1 Qe7 28. Qxb7 Qxb7 29. Bxb7 Rab8 30. Bd5 f5 31. Nc4 e4 32. g3 Rh3 33. Ne3 Rxg3 34. Nxf5+ gxf5 35. Rxf5 Rg1+ 36. Kc2 Rg2+ 37. Kc1 Rbxb2 38. Bxe4 Rge2 39. Rxa5 Rxa2 40. Rxa2 Rxa2 41. c4 Kf6 42. c5 Ke5 43. c6 Kxe4 0-1

[Event "*** Titled Tuesday Blitz"]
[Site "Chess.com"]
[Date "2018.09.04"]
[Round "1"]
[White "Kimster98"]
[Black "Aklanion"]
[Result "1-0"]
[WhiteElo "2501"]
[BlackElo "2100"]
[TimeControl "180+2"]
[EndTime "13:44:00 PDT"]
[Termination "Kimster98 won by resignation"]

1. d4 Nf6 2. c4 g6 3. g3 Bg7 4. Bg2 d6 5. Nc3 O-O 6. Nf3 c6 7. O-O Nbd7 8. e4 e5 9. d5 Qc7 10. Ne1 a5 11. Nd3 cxd5 12. cxd5 Nc5 13. Nxc5 Qxc5 14. Be3 Qc7 15. Nb5 Qd8 16. f3 Ne8 17. Rc1 Bd7 18. Qd3 f5 19. Bf2 Bh6 20. Rc2 Rc8 21. Rxc8 Qxc8 22. a4 fxe4 23. fxe4 Bh3 24.
Qc3 Qxc3 25. Nxc3 Bxg2 26. Kxg2 Nf6 27. Be1 Bc1 28. Rf2 Nd7 29. Rxf8+ Kxf8 30. Nb5 b6 31. Nxd6 Bxb2 32. Bf2 Bd4 33. Bxd4 exd4 34. Nc4 Ke7 35. e5 Kd8 36. Kf3 Kc7 37. Ke4 Nc5+ 38. Kxd4 Nxa4 39.
e6 h5 40. d6+ Kd8 41. Ne5 Nc5 42. Kd5 a4 43. Nc4 a3 44. Nxa3 Nd3 45. Nb5 h4 46. Nd4 Nb4+ 47. Kc4 Na6 48. Nc6+ Ke8 49. d7+ Kf8 50.
d8=Q+ Kg7 1-0

[Event "*** Titled Tuesday Blitz"]
[Site "Chess.com"]
[Date "2018.09.04"]
[Round "1"]
[White "champ2005"]
[Black "Slovak_fighter2000"]
[Result "1-0"]
[WhiteElo "2764"]
[BlackElo "2410"]
[TimeControl "180+2"]
[EndTime "13:44:02 PDT"]
[Termination "champ2005 won by resignation"]

1. e4 e6 2. d4 d5 3. Nc3 Nf6 4.
Bg5 Be7 5. e5 Nfd7 6. h4 h6 7.
Bxe7 Qxe7 8. Qg4 O-O 9. Nf3 c5 10. dxc5 Nc6 11. Qf4 Nxc5 12. O-O-O f6 13. exf6 Qxf6 14.
Qxf6 Rxf6 15. Bb5 Bd7 16. Rd2 Raf8 17. Re1 a6 18. Bxc6 Bxc6 19. Ree2 Rf4 20. h5 R4f5 21. Nd4 Rxh5 22. b4 Nd7 23. Rxe6 Ne5 24. f3 Nc4 25.
Rd1 Rf6 26. Rxf6 gxf6 27. Nce2 Rh2 28. Nf4 Kf7 29. Re1 Ne5 30. Re2 h5 31. Nd3 Nxd3+ 32.
cxd3 Bd7 33. Kd2 h4 34. Ke3 h3 35. gxh3 Rxh3 36. Rc2 Ke7 37. Rc7 b5 38. Ra7 Rh2 39.
Rxa6 Rb2 40. a3 Ra2 41. Ne2 Be6 42. Nf4 Bf7 43. Ra7+ Kf8 44. Kd4 Rf2 45. Ke3 Ra2 46. Ra5 Ke7 47. Rxb5 Rxa3 48. Nxd5+ Ke6 49. Nf4+ Ke7 50.
Rb7+ Kf8 51. b5 Rb3 52. b6 Ke8 53. Ne2 Bc4 54. Nc1 Ra3 55. Kd4 Be6 56. Rh7 Ra6 57. b7 Rb6 58. Rh8+ 1-0

[Event "*** Titled Tuesday Blitz"]
[Site "Chess.com"]
[Date "2018.09.04"]
[Round "1"]
[White "JSMastropiero"]
[Black "afgano29"]
[Result "1-0"]
[WhiteElo "2374"]
[BlackElo "2690"]
[TimeControl "180+2"]
[EndTime "13:44:03 PDT"]
[Termination "JSMastropiero won by resignation"]

1. e4 c5 2. Nc3 Nc6 3. Bb5 Nd4 4. Nf3 Nxb5 5. Nxb5 d5 6. exd5 a6 7. Nc3 Nf6 8. d4 c4 9. Qe2 Nxd5 10. Qxc4 Be6 11.
Qe2 Nxc3 12. bxc3 Rc8 13. Ne5 Rxc3 14. O-O Qc7 15. Bf4 Bc4 16. Nxc4 Qxc4 17. Qe4 Qc6 18. d5 Qc4 19. Qe5 f6 20. Qb8+ Qc8 21. Qa7 g5 22. Be3 Bg7 23. Rab1 Rc7 24. c4 O-O 25. c5 Rd8 26. Rfd1 Rcd7 27. h3 Bf8 28. Rb6 h6 29.
Rdb1 Rxd5 30. Qxb7 Qxb7 31. Rxb7 e6 32. c6 Rc8 33. c7 Rd7 34. Bb6 Bd6 35. Rc1 Kf7 36. Ra7 e5 37. Rxa6 Ke7 38. Ra7 Bb4 39. a4 Ba3 40. Ra1 Bb2 41. Rb1 Bd4 42. Bxd4 exd4 43. Rd1 Ke6 44. Kf1 Kd5 45. Ra5+ Kc4 46. Ra7 Rcxc7 47.
Rxc7+ Rxc7 48. Rc1+ 1-0

[Event "*** Titled Tuesday Blitz"]
[Site "Chess.com"]
[Date "2018.09.04"]
[Round "1"]
[White "Msb2"]
[Black "alpasya2009"]
[Result "1-0"]
[WhiteElo "2849"]
[BlackElo "2443"]
[TimeControl "180+2"]
[EndTime "13:44:05 PDT"]
[Termination "Msb2 won by resignation"]

1. d4 d6 2. Nf3 Nf6 3. c4 g6 4. Nc3 Bg7 5. e4 O-O 6. h3 e5 7. d5 a5 8. g4 Na6 9. Be3 c6 10. Nd2 Nc5 11. Be2 Bd7 12. h4 a4 13. g5 Ne8 14. a3 Qa5 15. Qc2 Nc7 16. f3 b5 17.
dxc6 Bxc6 18. cxb5 Nxb5 19. Bxc5 dxc5 20. Bxb5 Bxb5 21. Nxb5 Qxb5 22. O-O-O Rfd8 23. Nb1 c4 24. Nc3 Qb3 25. Qxb3 cxb3 26. Rxd8+ Rxd8 27. Rd1 Rd4 28. Rxd4 exd4 29. Nxa4 Be5 30. Nc5 Bg3 31. Nd3 Bxh4 32. f4 Kf8 33. a4 Ke7 34. a5 Kd6 35. Kd2 Kc7 36. Ke2 f6 37. gxf6 Bxf6 38. Nc5 Kc6 39. Nxb3 d3+ 40. Kxd3 Bxb2 41. e5 h5 42. Ke4 Kb5 43.
Nd4+ Kxa5 44. e6 Ba3 45. e7 Bxe7 46. Nc6+ Kb6 47. Nxe7 h4 48. Nxg6 1-0

[Event "*** Titled Tuesday Blitz"]
[Site "Chess.com"]
[Date "2018.09.04"]
[Round "1"]
[White "arna"]
[Black "JozefKneht"]
[Result "0-1"]
[WhiteElo "2059"]
[BlackElo "2487"]
[TimeControl "180+2"]
[EndTime "13:44:06 PDT"]
[Termination "JozefKneht won by resignation"]

1. e4 e5 2. Nf3 Nc6 3. Nc3 Nf6 4. Be2 Bc5 5. Nxe5 Nxe5 6. d4 Bd6 7. dxe5 Bxe5 8.
Qd3 O-O 9. Bg5 h6 10. Bh4 Qe8 11. f3 d6 12. O-O-O Be6 13. Kb1 Nd7 14. Nd5 Nc5 15. Qe3 Bxd5 16. Rxd5 Na4 17. Bb5 Nc3+ 18. Qxc3 c6 19.
Rxe5 dxe5 20. Bc4 a5 21. a4 g5 22. Bf2 Qe7 23. Bc5 Qf6 24. Bxf8 Kxf8 25. h4 gxh4 26. Qe3 Rd8 27. Bd3 Kg7 28. b3 Rd4 29. Qe1 b5 30. axb5 a4 31. Kb2 Qd6 32. Qc3 cxb5 33. Rxh4 a3+ 34.
Ka2 b4 35. Qe1 Qc5 36. f4 Rxd3 37. Rg4+ Kh7 38. Kb1 Re3 39. Qh1 a2+ 40. Kxa2 Qxc2+ 41. Ka1 Qc3+ 42. Kb1 Qxb3+ 43. Kc1 Qc3+ 44. Kb1 Re1+ 0-1

[Event "*** Titled Tuesday Blitz"]
[Site "Chess.com"]
[Date "2018.09.04"]
[Round "1"]
[White "Abund"]
[Black "aquaticpineapples"]
[Result "0-1"]
[WhiteElo "2441"]
[BlackElo "2005"]
[TimeControl "180+2"]
[EndTime "13:44:10 PDT"]
[Termination "aquaticpineapples won by resignation"]

1. e4 e6 2. d4 d5 3. Nd2 Nf6 4. e5 Nfd7 5. f4 c5 6. c3 Nc6 7. Ndf3 Qb6 8. Ne2 cxd4 9. cxd4 Bb4+ 10. Kf2 g5 11. Nxg5 f6 12. Nf3 fxe5 13. fxe5 Ndxe5 14. Nxe5 Nxe5 15. Nf4 O-O 16. Be3 Ng6 17. g3 Bd6 18.
Qd2 Bd7 19. Kg2 Nxf4+ 20. gxf4 Rf7 21. Bd3 Raf8 22. Raf1 Rg7+ 23. Kf3 e5 24. dxe5 Bg4+ 25. Kf2 d4 26. Bc4+ Kh8 27. Bxd4 Bc5 28. Ke3 Rd8 29.
Rd1 Rxd4 30. Qxd4 Bxd4+ 31. Rxd4 Rd7 32. Rd1 Bf5 33. e6 Rxd4 34. Rxd4 Bxe6 35. Kd3 Bxc4+ 36. Rxc4 Qd6+ 37. Kc3 Kg7 38. Rd4 Qc5+ 39. Rc4 Qe3+ 40. Kb4 Qd2+ 41. Ka3 Qxh2 42. Rc7+ Kg6 43. Rxb7 Qg3+ 44. b3 Qxf4 45. Rxa7 Qf8+ 46. Ka4 h5 47. Ra8 Qxa8+ 0-1

[Event "*** Titled Tuesday Blitz"]
[Site "Chess.com"]
[Date "2018.09.04"]
[Round "1"]
[White "The_Jagermeister"]
[Black "Zarikovs1999"]
[Result "0-1"]
[WhiteElo "2493"]
[BlackElo "2172"]
[TimeControl "180+2"]
[EndTime "13:44:11 PDT"]
[Termination "Zarikovs1999 won by resignation"]

1. d4 Nf6 2. c4 e6 3. g3 d5 4. Nf3 Bb4+ 5. Bd2 Be7 6. Bg2 O-O 7. O-O dxc4 8. Qc2 Bd7 9. Ne5 Bc6 10.
Nxc6 Nxc6 11. e3 Nb4 12. Qxc4 Nbd5 13. Nc3 c6 14. Rab1 Rc8 15. b4 Qd7 16. a3 Rfd8 17. Rfc1 Nb6 18. Qe2 e5 19. dxe5 Qxd2 20. Qxd2 Rxd2 21.
exf6 Bxf6 22. Ne4 Ra2 23. Nxf6+ gxf6 24. Rb3 Rd8 25. e4 Rdd2 26. Rf3 Kg7 27. Bh3 Na4 28.
Rc4 Nb2 29. Rc5 Ra1+ 30. Bf1 Rdd1 31. Rcf5 Rxf1+ 32. Kg2 Rfd1 33. Rxf6 Rd7 34. e5 Nd3 35. R6f5 Ne1+ 36. Kh3 Nxf3 37. Rxf3 Re1 38. Rf5 Re7 39.
f4 Re3 40. a4 Rb3 41. Rg5+ Kf8 42. Rh5 f6 43. exf6 Rf7 44. b5 cxb5 45. axb5 Rd3 46.
Kg4 Rd6 47. Rc5 Rdxf6 48. h4 Rg6+ 49. Kf3 Rfg7 50. Rc8+ Ke7 51. f5 Rxg3+ 52. Kf4 R7g4+ 53. Ke5 Re3+ 54. Kd5 Rxh4 55. Rc7+ Kf6 56. Rxb7 Rb3 57. Kc5 Rhb4 58. Rxa7 Rxb5+ 59. Kc4 Rb7 60. Ra5 R3b5 61. Ra2 Rxf5 62. Rh2 h5 63. Kd4 Rb4+ 64. Ke3 Rg4 65. Rh3 h4 66. Rh1 Kg5 67. Rh2 Rg3+ 68. Ke4 Rf8 0-1

[Event "*** Titled Tuesday Blitz"]
[Site "Chess.com"]
[Date "2018.09.04"]
[Round "1"]
[White "BjarkeSahl"]
[Black "Abrito99"]
[Result "0-1"]
[WhiteElo "2179"]
[BlackElo "2531"]
[TimeControl "180+2"]
[EndTime "13:44:15 PDT"]
[Termination "Abrito99 won by resignation"]

1. e4 c5 2. d4 cxd4 3. Nf3 e6 4. Nxd4 Nc6 5. Nc3 Qc7 6. Be2 a6 7. O-O Nf6 8. a3 Be7 9. Be3 O-O 10. Qd2 d6 11. Rad1 b5 12. Kh1 Bb7 13. f4 Na5 14.
Bd3 Nc4 15. Qc1 Rfd8 16. Bg1 Nxa3 17. bxa3 Qxc3 18. Qe3 Nxe4 19. Qh3 g6 20. Nxe6 Qc8 21. Ng5 Bxg5 22. Qxc8 Raxc8 23. fxg5 Nxg5 24. Bd4 Ne6 25. Bf6 Rd7 26. Kg1 d5 27. Rfe1 Nf4 28. c3 Nxd3 29. Rxd3 Rd6 30. Bd4 Re6 31. Rde3 Rce8 32. Re5 Bc8 33. Kf2 Rxe5 34. Rxe5 Be6 35. Re1 Rc8 36.
h3 Kf8 37. Ke3 Ke8 38. Kf4 Rc4 39. Ke5 Ke7 40. Rb1 Ra4 41. Ra1 g5 42. Bc5+ Kd7 43.
Bb4 a5 44. Bf8 g4 45. h4 g3 46. Rb1 Kc6 47. Rd1 Rxh4 48. Rd3 Rg4 49. Rf3 h5 50. Bh6 h4 51. Bf4 Rg6 52. Kd4 h3 0-1

[Event "*** Titled Tuesday Blitz"]
[Site "Chess.com"]
[Date "2018.09.04"]
[Round "1"]
[White "patrisiii123"]
[Black "Samuray111"]
[Result "1/2-1/2"]
[WhiteElo "2303"]
[BlackElo "2604"]
[TimeControl "180+2"]
[EndTime "13:44:16 PDT"]
[Termination "Game drawn by repetition"]

1. e4 e5 2. Nf3 Nc6 3. Bc4 Nf6 4. d3 Bc5 5. c3 O-O 6. b4 Bb6 7. a4 a5 8. b5 Ne7 9. Nxe5 d5 10. exd5 Nexd5 11. O-O Re8 12. d4 Be6 13. Qb3 h6 14. Nd2 Nxc3 15.
d5 Ncxd5 16. Bb2 Qd6 17. Rfe1 Qb4 18. Qxb4 Nxb4 19. Rac1 Rad8 20. Bxe6 Rxe6 21. Ndc4 Rde8 22. Kf1 Nfd5 23. Red1 f6 24. Nf3 Nf4 25. Nxb6 cxb6 26. Bc3 Nbd3 27. Rc2 Nc5 28. Bd4 Nxa4 29. Be3 Ng6 30. Rc4 Re4 31. Rdd4 Rxd4 32. Rxd4 Nc5 33. Rd6 a4 34. Rxb6 Rc8 35. Bxc5 Rxc5 36. Rxb7 a3 37. Ra7 Rxb5 38. Rxa3 Rb1+ 39. Ke2 Nf4+ 40. Ke3 Nxg2+ 41. Ke4 Ne1 42. Nd4 Kh7 43. Ra7 Rb4 44.
Ke3 Ng2+ 45. Kd3 Nf4+ 46. Kc3 Nd5+ 47. Kd3 Nf4+ 48. Kc3 Nd5+ 49. Kd3 Nf4+ 50. Ke3 Nd5+ 51. Kd3 Nf4+ 52. Ke3 Nd5+ 53. Kd3 Nf4+ 1/2-1/2

[Event "*** Titled Tuesday Blitz"]
[Site "Chess.com"]
[Date "2018.09.04"]
[Round "1"]
[White "GABUZYAN_CHESSMOOD"]
[Black "carlovittorino"]
[Result "1-0"]
[WhiteElo "2612"]
[BlackElo "2282"]
[TimeControl "180+2"]
[EndTime "13:44:20 PDT"]
[Termination "GABUZYAN_CHESSMOOD won by resignation"]

1. e4 e5 2. Nf3 Nc6 3. Bb5 a6 4. Bxc6 dxc6 5. O-O Qd6 6. d4 exd4 7. e5 Qg6 8. Nxd4 Bg4 9. Qd2 O-O-O 10. Qe3 Bc5 11.
c3 Ne7 12. Qg5 Nf5 13. Qxg6 hxg6 14. Nxf5 Bxf5 15. Nd2 Rhe8 16. Nb3 Bb6 17. Bf4 Bd3 18. Rfe1 Bc4 19. h3 a5 20. Nd2 Be6 21. a3 Rd3 22.
Ne4 Red8 23. Ng5 Bb3 24. Re2 Rd1+ 25. Rxd1 Rxd1+ 26. Kh2 Kd7 27. Kg3 Rd3+ 28. Be3 Bxe3 29. Rxe3 Rd2 30. Ne4 Rd5 31. f4 b6 32. Kh4 Ke7 33. g4 Rd1 34. Kg5 Rg1 35. Re2 Bd5 36. Nd2 c5 37. Rf2 Rg3 38. Kh4 Rg1 39. Nf1 a4 40.
Ne3 Be4 41. Kg5 f6+ 42. exf6+ gxf6+ 43. Kh6 Kf7 44. h4 Rh1 45. h5 gxh5 46. g5 fxg5 47.
fxg5+ Ke6 48. Rf6+ Ke5 49. Rf7 h4 50. g6 Rg1 51. g7 h3 52. Rf2 Rg6+ 53. Kh7 h2 54. Rxh2 Rg2+ 55. Kg8 Rxh2 56. Kf7 Rf2+ 57. Ke7 Bh7 58.
Ng4+ Kd5 59. Nxf2 Kc4 60. Ne4 Kb3 61. Nf6 1-0

[Event "*** Titled Tuesday Blitz"]
[Site "Chess.com"]
[Date "2018.09.04"]
[Round "1"]
[White "Paparama_1917"]
[Black "Xeniya2005"]
[Result "1-0"]
[WhiteElo "2474"]
[BlackElo "1995"]
[TimeControl "180+2"]
[EndTime "13:44:29 PDT"]
[Termination "Paparama_1917 won by resignation"]

1. e4 c5 2. Nf3 Nc6 3. Bb5 d6 4. c3 Nf6 5. Qe2 a6 6. Bxc6+ bxc6 7. e5 Nd5 8. exd6 Qxd6 9. d3 Bf5 10. O-O e5 11.
Qxe5+ Qxe5 12. Nxe5 Rc8 13. Re1 Be7 14. Nd2 O-O 15. Ne4 f6 16. Nc4 Rfd8 17. Bd2 Kf7 18. Rad1 h5 19. Bc1 Rd7 20. Ne3 Nxe3 21. Bxe3 c4 22. Ng3 Bxd3 23. Nxh5 Rb8 24. Bc1 a5 25. Nf4 c5 26. f3 g5 27. Nh3 a4 28. a3 Rdb7 29. Nf2 Bf5 30. Ne4 Bxe4 31. Rxe4 Ra8 32. Kf2 f5 33. Rxc4 Bf6 34. Rxc5 Kg6 35. Rc6 Kf7 36.
Rdd6 Be7 37. Rh6 Rd8 38. Rh7+ Kf8 39. Rxe7 Rxe7 40. Bxg5 Red7 41. Bxd8 Rxd8 42. Rc4 Rd2+ 43. Kg3 Rxb2 44. Rxa4 Rb3 45. Ra5 Rxc3 46. Rxf5+ Kg7 47. a4 Ra3 48. a5 Ra4 49. h4 Kg6 50. Rb5 Kh6 51.
f4 Kg6 52. Kg4 Kg7 53. g3 Kg6 54. Rb6+ Kg7 55. a6 Ra5 56. f5 Ra3 57. h5 Kf7 58. h6 Kg8 59. Kh4 Ra5 60. Kg5 Ra3 61. g4 Ra4 62. Rb8+ Kh7 63. Rb7+ Kh8 64. a7 1-0

[Event "*** Titled Tuesday Blitz"]
[Site "Chess.com"]
[Date "2018.09.04"]
[Round "1"]
[White "GMWSO"]
[Black "metra93"]
[Result "1-0"]
[WhiteElo "2960"]
[BlackElo "2458"]
[TimeControl "180+2"]
[EndTime "13:44:32 PDT"]
[Termination "GMWSO won by resignation"]

1. e4 e6 2. d4 d5 3. Nc3 Bb4 4. e5 c5 5. a3 Bxc3+ 6. bxc3 Qc7 7. Qg4 f5 8. Qg3 Ne7 9. Ne2 O-O 10. Bd2 b6 11. h4 Qd7 12. Nf4 Ba6 13. h5 Bxf1 14. Kxf1 Nbc6 15. Be3 cxd4 16. cxd4 Rfc8 17.
h6 g6 18. Qg5 Rf8 19. Rh3 Rac8 20. Kg1 Na5 21. Nh5 Kh8 22. Bd2 Nc4 23. Bb4 Rf7 24.
Nf4 Nc6 25. c3 a5 26. Bd6 Re8 27. a4 Nxd6 28. exd6 Qxd6 29. Re3 e5 30. dxe5 Rxe5 31. Rxe5 Nxe5 32. Rd1 Ng4 33. Rxd5 Re7 34. g3 Re1+ 35. Kg2 Qc6 36. Qd8+ Re8 37. Qd6 Qxd6 38. Rxd6 Nxh6 39. Rxb6 Rc8 40. Nd5 Rc4 41. Rb7 Ng4 42. f3 Rc5 43.
c4 Rxc4 44. fxg4 Rc2+ 45. Kf1 Kg8 46. Nf6+ Kf8 47. g5 Ra2 48. Nxh7+ Ke8 49. Nf6+ Kd8 50. Rg7 Rxa4 51. Rxg6 Ke7 52. Rg7+ Ke6 53. Nh5 Rg4 54. Nf4+ Ke5 55. Kf2 a4 56. g6 Kf6 57. Rf7+ Ke5 58.
Ra7 1-0

[Event "*** Titled Tuesday Blitz"]
[Site "Chess.com"]
[Date "2018.09.04"]
[Round "1"]
[White "gkchesstiger"]
[Black "Orest_Vovk"]
[Result "1-0"]
[WhiteElo "2777"]
[BlackElo "2414"]
[TimeControl "180+2"]
[EndTime "13:44:35 PDT"]
[Termination "gkchesstiger won by resignation"]

1. d4 Nc6 2. Nf3 d6 3. e4 Bg4 4.
c3 e6 5. h3 Bxf3 6. Qxf3 Be7 7. Bb5 Bg5 8. Nd2 a6 9. Ba4 Ne7 10. h4 Bh6 11. g4 Bxd2+ 12. Bxd2 O-O 13. h5 f5 14. gxf5 exf5 15. O-O-O fxe4 16. Qxe4 d5 17. Qe6+ Kh8 18. Rhg1 Rf6 19. Qg4 Qf8 20. Be3 Nf5 21. Bg5 Nh6 22. Qg2 Rxf2 23. Qxd5 Ne7 24. Qe5 Neg8 25.
Qe4 Nf6 26. Qd3 Nf7 27. Bh4 Rf4 28. Bg3 Rg4 29. Bxc7 Rxg1 30. Rxg1 Nxh5 31. Bc2 g6 32. Rf1 Qe7 33. Bh2 Kg7 34. Bb3 Rf8 35. a4 Qg5+ 36.
Kb1 Qg2 37. Bc7 Qc6 38. Bh2 Qg2 39. Bc7 Qc6 40. Qc4 Qxc4 41. Bxc4 g5 42. Bd5 Nf6 43. Bxb7 h5 44. Bxa6 g4 45. Bb7 h4 46. a5 g3 47. a6 Ng5 48. a7 Kg6 49. Bb8 h3 50. Bxg3 Nge4 51. Bxe4+ Nxe4 52. Rxf8 Nxg3 1-0

[Event "*** Titled Tuesday Blitz"]
[Site "Chess.com"]
[Date "2018.09.04"]
[Round "1"]
[White "lexisvar"]
[Black "JonahWillow"]
[Result "1-0"]
[WhiteElo "2431"]
[BlackElo "2730"]
[TimeControl "180+2"]
[EndTime "13:44:36 PDT"]
[Termination "lexisvar won by resignation"]

1. e4 c5 2. Nf3 e6 3. d4 cxd4 4. Nxd4 Nc6 5. Nc3 Qc7 6. f4 a6 7. Nb3 d6 8. Bd3 Nf6 9. Qe2 Be7 10. Bd2 b5 11. a3 Nd7 12. O-O O-O 13. Rae1 Bh4 14. Rd1 Bf6 15. Qh5 Bb7 16. Qh3 g6 17. f5 Rfe8 18. fxe6 fxe6 19. Ne2 Bg7 20. Nf4 Nf8 21.
c3 Ne5 22. Bb1 Rac8 23. Nd4 Qe7 24. Rde1 Nc4 25. Bc1 e5 26. Nf5 gxf5 27. exf5 Qf7 28.
Nh5 Bf6 29. b3 Na5 30. Re3 Nd7 31. Rg3+ Kh8 32. Nxf6 Nxf6 33. Bh6 Rg8 34. Rg6 Qd5 35. Bg5 Nd7 36. f6 Rxg6 37. Bxg6 Qxg2+ 38. Qxg2 Bxg2 39.
Kxg2 hxg6 40. Bh6 Nf8 41. Rd1 Nb7 42. a4 Kh7 43. Bg5 Ne6 44. axb5 Nxg5 45. bxa6 Nc5 46.
Rxd6 Nge4 47. Rb6 Nxc3 48. b4 N5e4 49. Rb7+ Kh6 50. a7 Ra8 51. f7 Nd6 52. Rb8 Nxf7 53. Rxa8 Nb5 54. Rh8+ Nxh8 55. a8=Q Nf7 56. Qd5 Nbd6 57.
b5 Kg7 58. b6 Kf6 59. b7 Nxb7 60. Qxb7 Kf5 61. Qd7+ 1-0

[Event "*** Titled Tuesday Blitz"]
[Site "Chess.com"]
[Date "2018.09.04"]
[Round "1"]
[White "Thjop"]
[Black "Cocaino74"]
[Result "1-0"]
[WhiteElo "2536"]
[BlackElo "2187"]
[TimeControl "180+2"]
[EndTime "13:44:37 PDT"]
[Termination "Thjop won by resignation"]

1. e4 c5 2. Nf3 Nc6 3. Nc3 g6 4. d4 cxd4 5. Nxd4 Bg7 6. Be3 Nf6 7. Bc4 O-O 8. Bb3 Re8 9. O-O d6 10. h3 Na5 11. Qd2 b6 12. Bh6 Bb7 13. Bxg7 Kxg7 14. Rfe1 a6 15. Rad1 b5 16. Qg5 Nxb3 17. axb3 Qc7 18.
Nf5+ Kh8 19. Nxd6 Rf8 20. Nxb7 Qxb7 21. Nd5 Nxd5 22. exd5 f6 23. Qe3 Rfe8 24. c3 Qd7 25. b4 Rad8 26. Qe6 Qd6 27. Re3 Kg7 28. Rd4 Qxe6 29.
Rxe6 Rd6 30. Rxd6 exd6 31. Kf1 f5 32. Rd1 Kf6 33. f4 h6 34. Re1 Rxe1+ 35. Kxe1 g5 36.
g3 h5 37. h4 gxh4 38. gxh4 Ke7 39. Kd2 Kd7 40. Kd3 Kc7 41. Kd4 Kb7 42. c4 bxc4 43.
Kxc4 Kb6 44. b3 a5 45. bxa5+ Kxa5 46. b4+ Kb6 47. Kc3 Ka6 48. Kb2 Kb6 49. Ka3 Kb5 50. Kb3 Ka6 51. Ka4 Kb6 52. b5 Kc5 53. Ka5 Kxd5 54. b6 Kc6 55. Ka6 d5 56. b7 d4 57.
b8=Q d3 1-0

[Event "*** Titled Tuesday Blitz"]
[Site "Chess.com"]
[Date "2018.09.04"]
[Round "1"]
[White "BlackBoarder"]
[Black "wonderfultime"]
[Result "1/2-1/2"]
[WhiteElo "2437"]
[BlackElo "2820"]
[TimeControl "180+2"]
[EndTime "13:44:43 PDT"]
[Termination "Game drawn by repetition"]

1. e4 c5 2. Nf3 d6 3. c3 Nf6 4. h3 g6 5. Bd3 Bg7 6. O-O O-O 7.
Bc2 b5 8. d4 cxd4 9. cxd4 Bb7 10. Qe2 b4 11. Bf4 a5 12. Nbd2 Nbd7 13. Rfd1 Qb6 14. Rac1 Rfc8 15. Bb1 Qd8 16. Bh2 Nb6 17. e5 Ne8 18. Ne4 Bd5 19. b3 Qd7 20. h4 Bh6 21. Neg5 Rxc1 22. Rxc1 f6 23. e6 Qb7 24. Re1 fxg5 25.
hxg5 Bxf3 26. gxf3 Bxg5 27. Be4 d5 28. Bd3 Bf6 29.
Qd2 Ng7 30. Bb5 Rf8 31. Kg2 Qc8 32. Rc1 Qxe6 33. Rc6 Qf5 34. Rxb6 Bh4 35. Qd3 Qg5+ 36. Kf1 Nf5 37. Bd7 Qc1+ 38. Kg2 Qg5+ 39. Kf1 Qh5 40.
Be6+ Kg7 41. Be5+ Bf6 42. Bxf5 gxf5 43. Bxf6+ Rxf6 44. Rxf6 exf6 45. Ke2 Qe8+ 46. Kd2 Qe6 47. Qb5 Qd6 48. Qxa5 Qf4+ 49. Ke2 Qxd4 50. Qc7+ Kg6 51. Qg3+ Kf7 52. Qc7+ Kg6 53. Qg3+ Kh6 54. Qh3+ Kg7 55. Qg3+ Kf7 56. Qc7+ Kg6 57. Qg3+ 1/2-1/2

[Event "*** Titled Tuesday Blitz"]
[Site "Chess.com"]
[Date "2018.09.04"]
[Round "1"]
[White "Abdodi"]
[Black "Blitzstream"]
[Result "1-0"]
[WhiteElo "2256"]
[BlackElo "2578"]
[TimeControl "180+2"]
[EndTime "13:44:43 PDT"]
[Termination "Abdodi won by resignation"]

1. d4 Nf6 2. c4 c6 3. Nc3 d5 4.
Nf3 e6 5. Bg5 h6 6. Bxf6 Qxf6 7.
e3 Nd7 8. Bd3 dxc4 9. Bxc4 g6 10. O-O Bg7 11. e4 O-O 12. d5 exd5 13. exd5 Nb6 14.
Bb3 Bg4 15. dxc6 Rad8 16. Qc2 Bxf3 17. gxf3 Qxf3 18. c7 Rd4 19. Ne2 Rg4+ 20. Ng3 h5 21. Qc5 Bd4 22. Qd6 Nc8 23. Bd1 Qxd1 24. Qxf8+ Kxf8 25. Raxd1 h4 26. Kg2 hxg3 27. hxg3 Bb6 28.
Rd8+ Kg7 29. Rxc8 Rc4 30. Rd1 Rc2 31. Rd7 Rxf2+ 32. Kh3 Rc2 33. Rb8 Bxc7 34. Rc8 Rxb2 35. Rcxc7 Rf2 36. Rxb7 g5 37. Rxa7 Kg6 38. g4 Rf3+ 39.
Kg2 Rf4 40. Kg3 Rf1 41. Ra6+ f6 42. Rd2 Rg1+ 43. Rg2 Rc1 44. Rf2 Rc3+ 45. Kg2 Rc4 46. Rfxf6+ Kg7 47. Kg3 Rc3+ 48. Rf3 Rc4 49. a3 Rd4 50.
Raf6 Rc4 51. R6f5 Kh6 52. Rb3 Rc6 53. a4 Rc4 54. a5 Ra4 55. Rb6+ Kh7 56. Rxg5 Ra3+ 57.
Kh4 Ra1 58. Rb3 Kh6 59. Rb6+ Kh7 60. Rh5+ Kg7 61. Rc5 Rh1+ 62. Kg5 1-0